 Dungeon Crawl Stone Soup version 0.29.1-13-g9f3cf754e1 (webtiles) character file.

Game seed: 1364021879073588118

180 flickminster the Twirler (level 5, -4/41 HPs)
             Began as a Demonspawn Gladiator on Feb 4, 2023.
             Slain by an orc warrior
             ... wielding a +0 scimitar
              (21 damage)
             ... on level 5 of the Dungeon.
             The game lasted 00:20:21 (2639 turns).

flickminster the Twirler (Demonspawn Gladiator)     Turns: 2639, Time: 00:20:22

Health: -4/41      AC:  5    Str: 15    XL:     5   Next: 33%
Magic:  5/5        EV: 13    Int:  9    God:
Gold:   122        SH:  0    Dex: 16    Spells: 4/4 levels left

rFire   + . .      SeeInvis .   e - +0 dagger (venom)
rCold   + . .      Faith    .   (no shield)
rNeg    . . .      Spirit   .   q - +1 leather armour {rF+}
rPois   .          Reflect  .   h - +0 helmet "Owit" {rC+}
rElec   .          Harm     .   (no cloak)
rCorr   .          Rampage  .   (no gloves)
Will    .....                   (no boots)
Stlth   +.........              (no amulet)
HPRegen 0.13/turn               (no ring)
MPRegen 0.09/turn               (no ring)

@: no status effects
A: weakness stinger 1, demonic touch 1
a: no special abilities


You were on level 5 of the Dungeon.
You visited 1 branch of the dungeon, and saw 4 of its levels.

You collected 122 gold pieces.

Inventory:

Hand Weapons
 a - a +0 quarterstaff
 e - a +0 dagger of venom (weapon)
 f - a +0 dagger
Missiles
 g - 25 stones (quivered)
 l - 5 boomerangs
Armour
 b - a +0 leather armour
 c - a +0 helmet
 h - the +0 helmet "Owit" (worn) {rC+}
   (You took it off Robin on level 2 of the Dungeon)

   rC:        It protects you from cold.
 i - a +0 ring mail
 q - a +1 leather armour of fire resistance (worn)
Jewellery
 j - an amulet of magic regeneration
Scrolls
 k - a scroll of identify {unknown}
 m - a scroll of acquirement {unknown}
 p - a scroll of noise {unknown}
 s - a scroll of amnesia {unknown}
Potions
 n - 2 potions of heal wounds {unknown}
 o - 2 potions of lignification {unknown}
 t - a potion of ambrosia {unknown}
 u - a potion of flight {unknown}


   Skills:
 + Level 3.2 Fighting
 + Level 3.6 Staves
 + Level 2.9 Throwing
 + Level 3.6 Dodging


You had 4 spell levels left.
You didn't know any spells.
Your spell library contained the following spells:

 Spells                   Type           Power      Damage    Failure   Level
 Beastly Appendage        Tmut           0%         N/A       45%         1
 Freeze                   Ice            0%         1d3       45%         1
 Wereblood                Tmut           0%         N/A       58%         2
 Frozen Ramparts          Ice            0%         1d1       83%         3
 Spider Form              Tmut/Pois      0%         N/A       83%         3
 Hailstorm                Conj/Ice       0%         3d3       99%         4


Dungeon Overview and Level Annotations

Branches:
Dungeon (3/15)

Altars:
Gozag


Innate Abilities, Weirdness & Mutations

You have a small tail.
Your touch may inflict minor irresistible damage on your foes.


Message History

The adder is lightly wounded.
The adder bites you.
You miss the adder.
You touch the adder!
The adder is severely wounded.
The adder closely misses you.
You closely miss the adder.
You touch the adder.
You kill the adder!
Found a glowing dagger.
A sourceless malevolence fills the Dungeon...
You fall into a shaft and drop 2 floors!
The shaft crumbles and collapses.
Found a bubbling sapphire potion and a brown potion.
t - a bubbling sapphire potion HP restored.
u - a brown potion An orc warrior comes into view.
It is wielding a +0 scimitar.
The orc warrior shouts!
Throw: throwing net
Press: ? - help, Q - select action, (/) - cycle Shift-Dir - straight line, f - orc warrior
Aim: an orc warrior, wielding a +0 scimitar and wearing a +0 plate armour (62% to hit)
You throw a throwing net.
The throwing net closely misses the orc warrior.
Okay, then.
Throw: javelin
Press: ? - help, Q - select action, (/) - cycle Shift-Dir - straight line, f/p - orc warrior
Aim: an orc warrior, wielding a +0 scimitar and wearing a +0 plate armour (62% to hit)
You throw a javelin.
The javelin barely misses the orc warrior.
You hit the orc warrior.
The orc warrior is poisoned.
Your tail-slap misses the orc warrior.
The orc warrior is lightly wounded.
The orc warrior hits you with a +0 scimitar!
You hit the orc warrior but do no damage.
The orc warrior looks as sick as possible!
You touch the orc warrior.
The orc warrior is moderately wounded.
The orc warrior hits you with a +0 scimitar!
The orc warrior hits you with a +0 scimitar!!
Ouch! That really hurt!
You die...

##########
(.....o..#
###.###@.#
#..# #..#
#..# #..#
#..# #..#
#..# #..#


You could see an orc warrior (extremely poisoned).

Vanquished Creatures
  Jessica (D:2)
  Natasha (D:3)
  Robin (D:2)
  3 adders
  A worm (D:3)
  2 dart slugs
  An orc (D:2)
  6 endoplasms
  5 giant cockroaches
  19 goblins
  13 hobgoblins
  A quokka (D:2)
  7 ball pythons
  5 bats
  7 frilled lizards
  A kobold (D:2)
  2 rats (D:1)
76 creatures vanquished.

Vanquished Creatures (others)
  A plant (D:3)
1 creature vanquished.

Grand Total: 77 creatures vanquished

Notes
Turn   | Place    | Note
-------+----------+-------------------------------------------
     0 | D:1      | flickminster the Demonspawn Gladiator began the quest for
                  | the Orb.
     0 | D:1      | Reached XP level 1. HP: 16/16 MP: 1/1
   121 | D:1      | Discovered your monstrous ancestry.
   121 | D:1      | Gained mutation: You have a small tail. [demonic ancestry]
   121 | D:1      | Reached XP level 2. HP: 22/22 MP: 2/2
   535 | D:1      | Gained mutation: Your touch may inflict minor irresistible
                  | damage on your foes. [demonic ancestry]
   535 | D:1      | Reached XP level 3. HP: 23/28 MP: 3/3
  1227 | D:2      | Found an opulent altar of Gozag.
  1525 | D:2      | Noticed Jessica
  1541 | D:2      | Killed Jessica
  1542 | D:2      | Reached XP level 4. HP: 31/34 MP: 4/4
  1677 | D:2      | Identified the +0 helmet "Owit" {rC+}
  1677 | D:2      | Noticed Robin
  1705 | D:2      | Killed Robin
  2293 | D:2      | Reached XP level 5. HP: 22/41 MP: 5/5
  2551 | D:3      | Noticed Natasha
  2561 | D:3      | Killed Natasha
  2620 | D:3      | You fall into a shaft and drop 2 floors!
  2620 | D:5      | Entered Level 5 of the Dungeon
  2634 | D:5      | Noticed an orc warrior
  2639 | D:5      | Slain by an orc warrior

Illustrated notes

Levels and vault maps discovered:
D:1:      dpeg_arrival_simpleton_a, layout_basic
D:2:      minmay_diamond_boxcup, layout_loops_ring, basic_altar, uniq_jessica,
          uniq_robin
D:3:      layout_basic, lemuel_coloured_pillars_altar, serial_bayou,
          serial_bayou_lagoon_a, serial_bayou_ford_a, serial_bayou_lagoon_b,
          serial_bayou_pond_d, serial_bayou_shore_b, uniq_natasha, uniq_ijyb
D:5:      layout_rooms, guppyfry_early_orc_mine

Skill      XL: |  1  2  3  4 |
---------------+-------------+-----
Throwing       | 2 |  2.9
Staves         | 3 |  3.6
Dodging        | 3 |  3.6
Fighting       | 3 |  3.2

Action                   |  1- 3 |  4- 6 || total
-------------------------+-------+-------++-------
Melee: Quarterstaff      |    43 |       ||    43
       Dagger            |    45 |    74 ||   119
       Tailslap          |     4 |     9 ||    13
       Touch             |     5 |    16 ||    21
       Punch             |       |     3 ||     3
Throw: Javelin           |     9 |     3 ||    12
       Throwing net      |     2 |     6 ||     8
       Boomerang         |       |     5 ||     5
 Stab: Held in net/web   |     1 |       ||     1
       Sleeping          |       |     1 ||     1
Armor: Leather armour    |    27 |    16 ||    43
Dodge: Dodged            |    45 |    34 ||    79
